 Dungeon Crawl Stone Soup version 0.27-a0-1612-gde56a17b89 (webtiles) character file.

Game seed: 8944319798293899960

595 siradein the Chiller (level 7, 0/36 HPs)
             Began as a Gargoyle Ice Elementalist on July 22, 2021.
             Slain by a sky beast (4 damage)
             ... on level 5 of the Dungeon.
             The game lasted 00:09:42 (4573 turns).

siradein the Chiller (Gargoyle Ice Elementalist)    Turns: 4573, Time: 00:09:43

Health: 0/36       AC:  1    Str: 12    XL:     7   Next: 40%
Magic:  12/15      EV: 10    Int: 17    God:
Gold:   221        SH:  3    Dex: 10    Spells: 9/16 levels left

rFire    . . .     SeeInvis .   e - +2 dagger (venom)
rCold    . . .     Faith    .   o - +0 buckler
rNeg     + . .     Spirit   .   k - +1 leather armour {rPois}
rPois    ∞         Reflect  .   (no helmet)
rElec    +         Harm     .   s - +0 cloak
rCorr    .         Rampage  .   (no gloves)
Will     .....                  (no boots)
Stlth    ++........             (no amulet)
HPRegen  0.12/turn              (no ring)
MPRegen  0.14/turn              (no ring)

@: corroded, freezing walls
A: sickness immunity, AC +4, negative energy resistance 1, electricity
resistance, torment resistance 1, petrification resistance
a: no special abilities


You were on level 5 of the Dungeon.
You visited 1 branch of the dungeon, and saw 5 of its levels.
You also visited: Sewer.

You collected 221 gold pieces.

Inventory:

Hand Weapons
 b - a +0 quarterstaff
 e - a +2 dagger of venom (weapon)
Armour
 k - a +1 leather armour of poison resistance (worn)
 o - a +0 buckler (worn)
 s - a +0 cloak (worn)
Jewellery
 r - an amulet of guardian spirit
Scrolls
 a - 2 scrolls of teleportation {unknown}
 c - 4 scrolls of noise {unknown}
 f - 5 scrolls of identify {unknown}
 j - a scroll of fog {unknown}
 l - 6 scrolls of blinking {unknown}
 m - a scroll of acquirement {unknown}
 n - 2 scrolls of immolation {unknown}
 t - a scroll of enchant weapon {unknown}
 u - a scroll of holy word {unknown}
 v - a scroll of amnesia {unknown}
 w - a scroll of brand weapon {unknown}
 y - a scroll of torment {unknown}
Potions
 d - a potion of lignification {unknown}
 g - a potion of brilliance {unknown}
 h - 2 potions of heal wounds {unknown}
 i - 2 potions of flight {unknown}
 p - 2 potions of invisibility {unknown}
 q - a potion of berserk rage
 x - a potion of curing {unknown}


   Skills:
 - Level 1.5 Dodging
 - Level 2.1 Stealth
 + Level 5.3 Spellcasting
 + Level 6.8 Ice Magic


You had 9 spell levels left.
You knew the following spells:

 Your Spells              Type           Power      Damage    Failure   Level
a - Freeze                Ice            100%       1d11      1%          1
b - Frozen Ramparts       Ice            54%        1d7       5%          3
c - Ozocubu's Armour      Ice            27%        N/A       5%          3

Your spell library contained the following spells:

 Spells                   Type           Power      Damage    Failure   Level
 Foxfire                  Conj/Fire      16%        2x1d4     30%         1
 Hailstorm                Conj/Ice       16%        3d6       58%         4
 Gell's Gravitas          Tloc           2%         N/A       65%         3
 Teleport Other           Tloc           4%         N/A       65%         3
 Dispersal                Tloc           2%         N/A       100%        6


Dungeon Overview and Level Annotations

Branches:
Dungeon (5/15)              Sewer (visited)
 Temple: D:4-7

Altars:
Makhleb
Okawaru

Annotations:
D:5 1 transporter, mdk's ghost, novice DsIE


Innate Abilities, Weirdness & Mutations

You are immune to sickness and miasma.
Your stone body is resilient. (AC +4)
You are immune to poison.
You resist negative energy. (rN+)
You are resistant to electric shocks. (rElec)
You are resistant to unholy torment.
You are immune to petrification.


Message History

You freeze the jelly.
The jelly is almost dead.
The jelly closely misses you.
Aiming: Freeze (safe; 1% risk of failure)
Press: ? - help, Q - select action, (/) - cycle Shift-Dir - straight line, f/p - jelly
Aim: a jelly (almost dead, poisoned)
You freeze the jelly!
You kill the jelly!
Unknown command.
A sky beast comes into view.
You see here a bullfrog corpse.
The sky beast flickers out of sight!
Deactivating autopickup; reactivate with Ctrl-A.
Something hits you but does no damage.
There is an open door here.
You miss something. Something hits you. Something shocks you. You resist.
You hit something but do no damage. Something hits you. Something shocks you.
You resist.
* * * LOW HITPOINT WARNING * * *
Casting: Freeze (safe; 1% risk of failure)
Confirm with . or Enter, or press ? or * to list all spells.
You can't see any susceptible monsters within range! (Use Z to cast anyway.)
There is a strange disturbance nearby!
Casting: Freeze (safe; 1% risk of failure)
Confirm with . or Enter, or press ? or * to list all spells.
Casting: Frozen Ramparts (dangerous; 5% risk of failure)
Press: ? - help, Dir - look around, f - activate The walls around you are covered in ice.
The wall freezes something.
Something hits you.
* * * LOW HITPOINT WARNING * * *
Something shocks you. You resist.
* * * LOW HITPOINT WARNING * * *
Your frozen ramparts will break if you move.
Continue? [Y]es or [N]o only, please.
Your frozen ramparts will break if you move.
Continue? [Y]es or [N]o only, please.
Your frozen ramparts will break if you move.
Continue?
Okay, then.
The wall freezes something!
Something hits you.
You die...

# #)#....©....#.# #
#.#?.#...#..#.# #. #.# #
#.#.#.....#.#.# #. #.# #
#[#.........#.# .## #.### #
#.##8..W.o8##.# ..# #.... #
#..#########..### #.# #..## ##
##.....©.....##.###.#####....
.####.........####...##.##.......
....+.........'{@†...............
.####.........####†..........#.#.
.# ##.......## ##..##.##..##.# .#
##.....## ##....##..# .#
.#######...## #.#####..##.#
.(...# ##'## #.........#.#
.###.####.# #.#####.##...#
.......##.# #.# #.......
.....#.##.## #.# #.......


There were no monsters in sight!

Vanquished Creatures
  A water moccasin (D:5)
  Purgy (Sewer)
  A bullfrog (D:5)
  A scorpion (D:5)
  A centaur zombie (D:4)
  2 jellies
  A gnoll shaman (D:4)
  An iguana (D:4)
  5 gnolls (D:4)
  2 adders
  An adder skeleton (D:5)
  A dart slug (D:4)
  2 orcs (D:4)
  A ball python (D:2)
  8 bats
  3 endoplasms
  8 hobgoblins
  4 jackals (D:3)
  3 kobolds
  3 quokkas
  5 frilled lizards
  5 rats
60 creatures vanquished.

Notes
Turn   | Place    | Note
-------+----------+-------------------------------------------
     0 | D:1      | siradein the Gargoyle Ice Elementalist began the quest for
                  | the Orb.
     0 | D:1      | Reached XP level 1. HP: 10/10 MP: 3/3
   551 | D:1      | Reached XP level 2. HP: 15/15 MP: 5/5
  2136 | D:3      | Reached XP level 3. HP: 15/19 MP: 7/7
  2160 | D:3      | Noticed an ogre
  2200 | D:3      | Found a burning altar of Makhleb.
  2302 | D:3      | Found a glowing drain.
  2313 | Sewer    | Entered a sewer
  2407 | Sewer    | Noticed Purgy
  2415 | Sewer    | Learned a level 3 spell: Frozen Ramparts
  2453 | Sewer    | Killed Purgy
  2454 | Sewer    | Reached skill level 5 in Ice Magic
  2454 | Sewer    | Reached XP level 4. HP: 14/24 MP: 7/9
  2454 | Sewer    | Reached XP level 5. HP: 17/28 MP: 7/10
  2648 | Sewer    | Learned a level 3 spell: Ozocubu's Armour
  3176 | D:3      | Found a faded altar of an unknown god.
  3180 | D:3      | Got Plato's Compendium of Conjuration
  3563 | D:4      | Reached XP level 6. HP: 32/32 MP: 8/12
  3816 | D:4      | Reached skill level 6 in Ice Magic
  4134 | D:4      | Found an iron altar of Okawaru.
  4341 | D:5      | Entered Level 5 of the Dungeon
  4372 | D:5      | Found a transporter.
  4374 | D:5      | Noticed an orc warrior
  4375 | D:5      | Noticed mdk's ghost (novice DsIE)
  4378 | D:5      | Noticed a sky beast
  4389 | D:5      | Noticed a water moccasin
  4401 | D:5      | Killed a water moccasin
  4402 | D:5      | Reached skill level 5 in Spellcasting
  4402 | D:5      | Reached XP level 7. HP: 22/36 MP: 8/14
  4573 | D:5      | Slain by a sky beast

Illustrated notes

Levels and vault maps discovered:
D:1:      roderic_dead_forest, layout_basic
D:2:      layout_basic
D:3:      layout_rooms, mainiacjoe_overflow_surrounded_room,
          portal_sewer_entry_d, shapermc_ecumenical_altar_rom_forum
D:4:      layout_loops_cross, amcnicky_altar_gilded, st_stairs_6
D:5:      layout_loops_corners, kennysheep_mini, gammafunk_ghost_arena,
          uniq_blork_the_orc, uniq_duvessa

Skill      XL: |  1  2  3  4  5  6 |
---------------+-------------------+-----
Spellcasting   | 3 4 5 |  5.3
Ice Magic      | 5 6 |  6.8
Dodging        | |  1.5
Stealth        | |  2.1

Action                   |  1- 3 |  4- 6 |  7- 9 || total
-------------------------+-------+-------+-------++-------
Melee: Quarterstaff      |     9 |       |       ||     9
       Dagger            |    73 |    80 |    14 ||   167
 Cast: Freeze            |     9 |     5 |     2 ||    16
       Frozen Ramparts   |     1 |     5 |     2 ||     8
 Stab: Sleeping          |     2 |     1 |       ||     3
Armor: Robe              |     9 |       |       ||     9
       Leather armour    |    38 |    52 |     6 ||    96
Dodge: Dodged            |    79 |    53 |    10 ||   142
Block: Buckler           |    13 |    11 |     1 ||    25

Table legend: (Time is in decaauts)
 A = Elapsed time spent in this place.
 B = Non-inter-level travel time spent in this place.
 C = Inter-level travel time spent in this place.
 D = Time resting spent in this place.
 E = Time spent auto-exploring this place.
 F = Levels seen in this place.
 G = Mean time per level.
                   A        B        C        D        E       F      G
               +--------+--------+--------+--------+--------+-----+--------+
         Total |   4593 |   4533 |     60 |    264 |   3381 |   6 |  765.5 |
       Dungeon |   4240 |   4180 |     60 |    264 |   3137 |   5 |  848.0 |
         Sewer |    353 |    353 |      0 |      0 |    244 |   1 |  353.0 |
               +--------+--------+--------+--------+--------+-----+--------+

Top non-repeatable levels by time:
     D:2: 1220 daAuts
     D:1: 1176 daAuts
     D:4: 1049 daAuts
     D:3: 560 daAuts
   Sewer: 353 daAuts
     D:5: 234 daAuts
